 Dungeon Crawl Stone Soup version 0.27-a0-1184-ge86db4a01e (webtiles) character file.

Game seed: 17603270915521963901

1283 Gorglomux the Skirmisher (level 8, -9/69 HPs)
             Began as a Palentonga Fighter on May 18, 2021.
             Was an Initiate of Okawaru.
             Mangled by a two-headed ogre
             ... wielding a +0 giant club
              (20 damage)
             ... on level 6 of the Dungeon.
             The game lasted 00:10:21 (7371 turns).

Gorglomux the Skirmisher (Palentonga Fighter)       Turns: 7371, Time: 00:10:21

Health: -9/69      AC: 15    Str: 21    XL:     8   Next: 29%
Magic:  8/8        EV:  4    Int:  9    God:    Okawaru [......]
Gold:   202        SH:  9    Dex: 10    Spells: 7/7 levels left

rFire    + . .     SeeInvis +   b - +2 rapier (venom)
rCold    . . .     Faith    .   c - +0 kite shield
rNeg     . . .     Spirit   .   l - +0 chain mail
rPois    .         Reflect  .   (no helmet)
rElec    .         Harm     .   (no cloak)
rCorr    .         Rampage  .   (no gloves)
Will     .....                  (no barding)
Stlth    ..........             s - amulet of the acrobat
HPRegen  0.21/turn              f - ring of protection from fire
MPRegen  0.11/turn              (no ring)

@: curled up
A: large, rugged brown scales 3, see invisible, deformed body, roll 1, armoured
tail, reflexive curl
a: Rolling Charge, Renounce Religion


You were on level 6 of the Dungeon.
You worshipped Okawaru.
Okawaru was noncommittal.
You visited 2 branches of the dungeon, and saw 7 of its levels.

You collected 202 gold pieces.

Inventory:

Hand Weapons
 a - a +0 war axe
 b - a +2 rapier of venom (weapon)
Armour
 c - a +0 kite shield (worn)
 l - a +0 chain mail (worn)
 p - a +0 pair of gloves
Magical Staves
 w - a staff of poison {!a}
Jewellery
 f - a ring of protection from fire (left hand)
 s - an amulet of the acrobat (around neck)
 z - the ring of Wier {rN+ Will+ Str-3 Int+6 Stlth+}
   (You found it on level 6 of the Dungeon)

   [ring of intelligence]

   It affects your strength (-3).
   It affects your intelligence (+6).
   It protects you from negative energy.
   It increases your willpower.
   It makes you more stealthy.
Wands
 I - a wand of iceblast (9)
 V - a wand of flame (12)
Scrolls
 g - 6 scrolls of identify {unknown}
 h - a scroll of vulnerability {unknown}
 k - a scroll of fear {unknown}
 n - 3 scrolls of teleportation {unknown}
 o - 2 scrolls of enchant weapon {unknown}
 q - a scroll of fog {unknown}
 r - 2 scrolls of blinking {unknown}
 t - a scroll of magic mapping {unknown}
 u - a scroll of acquirement {unknown}
 v - a scroll of summoning {unknown}
 x - a scroll of silence {unknown}
 y - a scroll of enchant armour {unknown}
Potions
 d - 3 potions of might
 e - 4 potions of lignification {unknown}
 i - a potion of ambrosia {unknown}
 j - 4 potions of curing {unknown}
 m - 3 potions of degeneration {unknown}
 A - a potion of berserk rage {unknown}


   Skills:
 + Level 6.7 Fighting
 - Level 6.3 Axes
 - Level 4.0 Armour
 - Level 4.0 Shields


You had 7 spell levels left.
You didn't know any spells.
Your spell library contained the following spells:

 Spells                   Type           Power      Damage    Failure   Level
 Corona                   Hex            0%         N/A       100%        1
 Ensorcelled Hibernation  Hex/Ice        0%         N/A       100%        2
 Confusing Touch          Hex            0%         N/A       100%        3
 Dazzling Flash           Conj/Hex       0%         N/A       100%        3
 Tukima's Dance           Hex            0%         N/A       100%        3


Dungeon Overview and Level Annotations

Branches:
Dungeon (6/15)             Temple (1/1) D:6

Altars:
Ashenzari
Cheibriados
Dithmenos
Elyvilon
Fedhas
Gozag
Hepliaklqana
Kikubaaqudgha
Makhleb
Okawaru
Qazlal
Ru
Sif Muna
Trog
Uskayaw
Vehumet
Wu Jian
Xom
Yredelemnul
Zin
The Shining One

Shops:
D:1 (


Innate Abilities, Weirdness & Mutations

You are completely covered in rugged brown scales. (AC +3, +7% HP)
You have supernaturally acute eyesight. (SInv)
Armour fits poorly on your strangely shaped body.
You can roll at nearby foes to attack.
You have a long armoured tail.
You curl defensively after being hit.


Message History

There's a creature in the doorway!
There's a creature in the doorway!
There's a creature in the doorway!
There's a creature in the doorway!
There's a creature in the doorway!
There's a creature in the doorway!
There's a creature in the doorway!
There's a creature in the doorway!
There's a creature in the doorway!
There's a creature in the doorway!
There's a creature in the doorway!
There's a creature in the doorway!
There's a creature in the doorway!
There is a stone staircase leading up here.
There is a stone staircase leading up here.
You climb upwards.
There is a stone staircase leading down here.
You start resting.
HP restored.
You climb downwards.
You block the two-headed ogre's attack.
The two-headed ogre hits you with a +0 giant spiked club!!
There is a stone staircase leading up, spattered with blood here.
You hit the two-headed ogre but do no damage.
The two-headed ogre is poisoned.
The two-headed ogre completely misses you.
The two-headed ogre hits you with a +0 giant spiked club.
The two-headed ogre hits you with a +0 giant club.
The two-headed ogre barely misses you.
You hit the two-headed ogre but do no damage.
The two-headed ogre looks as sick as possible!
The two-headed ogre is lightly wounded.
You block the two-headed ogre's attack.
The two-headed ogre hits you with a +0 giant spiked club!
You see here a +0 club.
Aiming: Iceblast
Press: ? - help, Shift-Dir - straight line, f - two-headed ogre
Aim: a two-headed ogre, wielding a +0 giant club and a +0 giant spiked club (lightly wounded, very poisoned)
The mass of ice explodes!
The iceblast engulfs the two-headed ogre!
The two-headed ogre is moderately wounded.
There is a stone staircase leading up, spattered with blood here.
You see here a +0 club.
The two-headed ogre looks more healthy.
You hit the two-headed ogre but do no damage.
The two-headed ogre is poisoned.
You tail-slap the two-headed ogre!
The two-headed ogre is severely wounded.
The two-headed ogre hits you with a +0 giant club!!
* * * LOW HITPOINT WARNING * * *
The two-headed ogre hits you with a +0 giant spiked club!!
You die...

..###....#.###.#.......).########
...[..##..........#......#
..###.#####....#.........#
####...........#.........#
#..######..<#.........# ####..#
#...#.........# ...#..#
#..)#.........# #####
...#..######.#.#....#'#### #...#
...#..##...#.#.#@...#.# #...#
...#..##...#.#.O....#.#######...#
...#..##...#.#...##.............#
.......'...#..<.................#
.....###...####..##..............
.....##......O.........######...#
.....##.....####..#....# ##..#..
.....##.....# ##.#....# ##...#..
....(##.....# #......###..#.#.#


You could see a two-headed ogre (very poisoned).

Vanquished Creatures
  Edmund (D:5)
  2 water moccasins (D:6)
  A sky beast (D:6)
  An ice beast (D:6)
  2 bullfrogs (D:6)
  A scorpion (D:4)
  A water moccasin zombie (D:6)
  A bullfrog skeleton (D:6)
  3 hounds
  A jelly (D:5)
  A centaur skeleton (D:5)
  2 iguanas
  3 orc wizards
  10 adders
  A shadow imp (D:5)
  A white imp (D:6)
  An adder skeleton (D:4)
  2 worms
  3 dart slugs
  15 orcs
  7 ball pythons
  4 bats
  8 endoplasms
  3 giant cockroaches
  7 goblins
  4 hobgoblins
  12 jackals
  4 kobolds
  3 quokkas (D:1)
  6 frilled lizards
  3 rats
114 creatures vanquished.

Notes
Turn   | Place    | Note
-------+----------+-------------------------------------------
     0 | D:1      | Gorglomux the Palentonga Fighter began the quest for the
                  | Orb.
     0 | D:1      | Reached XP level 1. HP: 19/19 MP: 1/1
   111 | D:1      | Reached XP level 2. HP: 14/25 MP: 2/2
   124 | D:1      | Reached skill level 3 in Axes
   250 | D:1      | Found Larph's Antique Weapon Shop.
   336 | D:1      | Reached XP level 3. HP: 10/31 MP: 3/3
  1109 | D:2      | Reached XP level 4. HP: 28/37 MP: 4/4
  2726 | D:3      | Found a faded altar of an unknown god.
  2796 | D:4      | Reached XP level 5. HP: 33/43 MP: 5/5
  3223 | D:4      | Reached skill level 6 in Axes
  3758 | D:4      | Reached XP level 6. HP: 42/50 MP: 6/6
  4180 | D:5      | Entered Level 5 of the Dungeon
  4831 | D:5      | Noticed Edmund
  4858 | D:5      | Killed Edmund
  4859 | D:5      | Reached skill level 3 in Armour
  4859 | D:5      | Reached skill level 3 in Shields
  4859 | D:5      | Gained mutation: You curl defensively after being hit.
                  | [Palentonga growth]
  4859 | D:5      | Reached XP level 7. HP: 31/56 MP: 7/7
  5822 | D:6      | Reached XP level 8. HP: 67/67 MP: 8/8
  5863 | D:6      | Found a staircase to the Ecumenical Temple.
  5899 | Temple   | Entered the Ecumenical Temple
  6133 | Temple   | Became a worshipper of Warmaster Okawaru
  6246 | D:6      | Identified the ring of Wier {rN+ Will+ Str-3 Int+6 Stlth+}
  6364 | D:6      | Reached skill level 6 in Fighting
  6665 | D:6      | Noticed a two-headed ogre
  7371 | D:6      | Mangled by a two-headed ogre

Illustrated notes

Levels and vault maps discovered:
D:1:      dpeg_arrival_pits, layout_rooms, serial_shops, nicolae_shop_crystal,
          minmay_pentomino_q2
D:2:      layout_rooms, grunt_ministairs_13
D:3:      layout_basic, shapermc_ecumenical_altar_notcrosses
D:4:      layout_basic
D:5:      layout_loops_ring, uniq_edmund
D:6:      layout_basic, minmay_temple_entry_arrows, corexii_corridor_pit,
          grunt_ministairs_8
Temple:   kilobyte_greek_temple

Skill      XL: |  1  2  3  4  5  6  7  8 |
---------------+-------------------------+-----
Axes           | 3 4 5 6 |  6.3
Armour         | 3 4 |  4.0
Shields        | 3 4 |  4.0
Fighting       | 5 6 |  6.7

Action                   |  1- 3 |  4- 6 |  7- 9 || total
-------------------------+-------+-------+-------++-------
Melee: War axe           |   113 |   114 |    12 ||   239
       Tailslap          |    10 |    12 |     7 ||    29
       Rapier            |       |    40 |    88 ||   128
 Abil: Rolling Charge    |    12 |    25 |     8 ||    45
Evoke: Wand              |       |       |     1 ||     1
  Use: Potion            |     1 |       |       ||     1
Armor: Scale mail        |    41 |       |       ||    41
       Chain mail        |    32 |    86 |    54 ||   172
Dodge: Dodged            |    32 |    26 |    25 ||    83
Block: Kite shield       |    62 |    83 |    44 ||   189

Table legend: (Time is in decaauts)
 A = Elapsed time spent in this place.
 B = Non-inter-level travel time spent in this place.
 C = Inter-level travel time spent in this place.
 D = Time resting spent in this place.
 E = Time spent auto-exploring this place.
 F = Levels seen in this place.
 G = Mean time per level.
                   A        B        C        D        E       F      G
               +--------+--------+--------+--------+--------+-----+--------+
         Total |   7521 |   7080 |    441 |    444 |   5375 |   7 | 1074.4 |
       Dungeon |   7248 |   6876 |    372 |    444 |   5173 |   6 | 1208.0 |
        Temple |    272 |    204 |     68 |      0 |    202 |   1 |  272.0 |
               +--------+--------+--------+--------+--------+-----+--------+

Top non-repeatable levels by time:
     D:5: 1517 daAuts
     D:6: 1454 daAuts
     D:3: 1380 daAuts
     D:4: 1166 daAuts
     D:1: 981 daAuts
     D:2: 747 daAuts
  Temple: 272 daAuts
